 Dungeon Crawl Stone Soup version 0.21.0 (webtiles) character file.

19 tidbits the Sneak (level 2, 0/11 HPs)
             Began as a Felid Air Elementalist on Jan 7, 2018.
             Slain by Sigmund
             ... wielding a +0 scythe
              (9 damage)
             ... on level 2 of the Dungeon.
             The game lasted 00:03:03 (351 turns).

tidbits the Sneak (Felid Air Elementalist)           Turns: 351, Time: 00:03:03

Health: 0/11       AC:  1    Str:  3 (4)  XL:     2   Next: 55%
Magic:  6/6        EV: 17    Int: 13 (16) God:
Gold:   30         SH:  0    Dex: 13 (16) Spells: 4/5 levels left
                                        Lives:  0   Deaths: 0

rFire    . . .     SeeInvis +     - Unarmed
rCold    . . .     Gourm    .   (shield unavailable)
rNeg     . . .     Faith    .   (armour unavailable)
rPois    .         Spirit   .   (helmet unavailable)
rElec    .         Reflect  .   (cloak unavailable)
rCorr    .         Harm     .   (gloves unavailable)
MR       .....                  (boots unavailable)
Stlth    +++.......             (no amulet)
HPRegen  0.03/turn              (no ring)
MPRegen  0.10/turn              (no ring)

@: quick
A: very small, no armour, no weapons or thrown items, stealth, claws 1, fangs 3,
see invisible, carnivore, speed 1, shaggy fur 1, slow metabolism 1, sharp paws
a: no special abilities


You were on level 2 of the Dungeon.
You were very full.

You visited 1 branch of the dungeon, and saw 2 of its levels.

You collected 30 gold pieces.

Inventory:

Missiles
 c - 18 stones
Scrolls
 f - a scroll of immolation {unknown}
 g - 2 scrolls of remove curse {unknown}
Potions
 e - a potion of brilliance
Books
 a - a book of Air

   Spells                             Type                      Level
   a - Shock                          Conjuration/Air              1
   b - Swiftness                      Charms/Air                   2
   c - Static Discharge               Conjuration/Air              3
   d - Airstrike                      Air                          4
   e - Lightning Bolt                 Conjuration/Air              5
Comestibles
 b - a ration


   Skills:
 - Level 2.6 Dodging
 + Level 3.7 Stealth
 + Level 1.4 Unarmed Combat
 - Level 2.0 Spellcasting
 - Level 0.8 Conjurations
 - Level 2.6 Air Magic


You had 4 spell levels left.
You knew the following spells:

 Your Spells              Type           Power        Failure   Level  Hunger
a - Shock                 Conj/Air       #...         12%         1    ##.....


Dungeon Overview and Level Annotations

Branches:
Dungeon (2/15)

Altars:

Annotations:
D:2 Sigmund


Innate Abilities, Weirdness & Mutations

You cannot wear armour.
You are incapable of wielding weapons or throwing items.
Your paws allow you to move quietly. (Stealth)
You have sharp claws.
You have razor-sharp teeth.
You have supernaturally acute eyesight. (SInv)
You are carnivorous and can eat meat at any time.
You cover ground quickly.
You are covered in fur. (AC +1)
You have a slow metabolism.
Your sharp claws are effective at attacking unaware monsters.


Message History

You butcher the goblin corpse.
f - a chunk of flesh;
f - 2 chunks of flesh (gained 1)
You see here a dagger.
Unknown command.
Eat one of 2 chunks of flesh? (ye/n/q)
You eat one of the 2 chunks of flesh.
This raw flesh tastes great.
Eat a chunk of flesh? (ye/n/q)
You eat the chunk of flesh.
This raw flesh tastes great.
Wield which item (- for none, * to show all)? (? for menu, Esc to quit)
Your mouth is already empty.
Found a club.
f - a scroll labeled BEOMOO MUR QUHIA
Found a robe.
Found 2 scrolls labeled LOUPIJ PIOPITA.
You see here a robe.
g - 2 scrolls labeled LOUPIJ PIOPITA A dart slug comes into view.
The helpless dart slug fails to defend itself.
You claw the dart slug!
The dart slug is severely wounded.
You scratch the dart slug.
You kill the dart slug!
You found a teleport trap!
Really walk into that teleport trap?
You enter a teleport trap!
The teleport trap disappears.
Your surroundings suddenly seem different.
A rat comes into view.
You pounce on the unaware helpless rat!
You claw the rat!
You kill the rat!
A kobold comes into view. It is wielding a dagger.
Found a stone staircase leading down.
You pounce on the unaware helpless kobold!
You claw the kobold!
You kill the kobold!
A goblin comes into view. It is wielding a dagger.
Things that are here:
a dagger; a stone; a kobold corpse
Found a stone staircase leading down.
Found a metallic silvery potion.
The helpless goblin fails to defend itself.
You claw the goblin!
You kill the goblin!
Found a fuming yellow potion.
h - a metallic silvery potion
i - a fuming yellow potion
There is a stone staircase leading down here.
You climb downwards.
Sigmund the Dreaded comes into view.
He is wielding a scythe.
Found a sedimented inky potion.
There is a stone staircase leading up here.
Okay, then.
You pounce on the unaware helpless Sigmund!
You claw Sigmund!
Sigmund is moderately wounded.
It was a potion of brilliance.
You feel clever all of a sudden. Sigmund completely misses you.
Sigmund barely misses you.
Casting: Shock
Confirm with . or Enter, or press ? or * to list all spells.
Aiming: Shock
Press: ? - help, Shift-Dir - straight line
Okay, then.
There is a stone staircase leading up here.
It was a potion of magic.
Magic courses through your body. Sigmund closely misses you.
It was a potion of degeneration.
There was something very wrong with that liquid.
You feel weakened.
You feel dopey.
You feel clumsy. Sigmund barely misses you.
It was a potion of cancellation.
Your magical effects are unravelling.
You feel magically purged.
You feel a little less clever now.
Okay, then.
You scratch Sigmund but do no damage.
Sigmund is moderately wounded.
Sigmund casts a spell at you.
You are confused.
Okay, then.
You scratch Sigmund but do no damage.
Sigmund is moderately wounded.
Sigmund gestures wildly while chanting.
Sigmund flickers and vanishes for a moment.
You bump into the rock wall.
Sigmund misses you.
You scratch Sigmund but do no damage.
Sigmund is moderately wounded.
Sigmund barely misses you.
You bump into the rock wall.
You bump into the rock wall.
Sigmund barely misses you.
Unknown command.
You bump into the rock wall.
You feel less confused.
Sigmund points at you and mumbles some strange words.
You resist with some effort.
You closely miss Sigmund.
Sigmund is moderately wounded.
Sigmund hits you with a scythe!
Ouch! That really hurt!
You die...

.#
.#
.#
.#
##.#
#..
#@#
#@#
#.#
#.#
#!#
..#
#.#
#.#
..#
###


You could see Sigmund (invisible).

Vanquished Creatures
  A dart slug (D:1)
  2 goblins (D:1)
  2 hobgoblins (D:1)
  5 jackals (D:1)
  3 kobolds (D:1)
  3 rats (D:1)
16 creatures vanquished.

Notes
Turn   | Place    | Note
-------+----------+-------------------------------------------
     0 | D:1      | tidbits the Felid Air Elementalist began the quest for the Orb.
     0 | D:1      | Reached XP level 1. HP: 7/7 MP: 4/4
    51 | D:1      | Reached skill level 3 in Stealth
   121 | D:1      | Reached skill level 1 in Unarmed Combat
   172 | D:1      | Reached XP level 2. HP: 6/11 MP: 1/6
   336 | D:2      | Noticed Sigmund
   351 | D:2      | Slain by Sigmund

Skill      XL: |  1 |
---------------+----+-----
Stealth        | 3 |  3.7
Unarmed Combat | 1 |  1.4
Dodging        | |  2.6
Spellcasting   | |  2.0
Conjurations   | |  0.8
Air Magic      | |  2.6

Action                   || total
-------------------------++-------
Melee: Unarmed           ||    20
       Bite              ||     1
 Cast: Shock             ||    12
  Use: Potion            ||     4
 Stab: Sleeping          ||     5
  Eat: Chunk             ||     6
Armor: Skin              ||     1
Dodge: Dodged            ||    22

Table legend:
 A = Turns spent in this place as a percentage of turns spent in the entire game.
 B = Non-inter-level travel turns spent in this place as a percentage of non-inter-level travel turns spent in the entire game.
 C = Inter-level travel turns spent in this place as a percentage of turns spent in this place.
 D = Turns resting spent in this place as a percentage of non-inter-level travel turns spent in this place.
 E = Turns spent auto-exploring this place as a percentage of non-inter-level travel turns spent in this place.
 F = Non-inter-level travel turns spent in this place divided by the number of levels of this place that you've seen.
                   A       B       C       D       E      F
               +-------+-------+-------+-------+-------+----------------------
         Total | 100.0 | 100.0 |   0.0 |   0.0 |   0.0 | 175.5
       Dungeon | 100.0 | 100.0 |   0.0 |   0.0 |   0.0 | 175.5
               +-------+-------+-------+-------+-------+----------------------

Table legend:
 A = Kills in this place as a percentage of kills in entire the game.
 B = Kills by you in this place as a percentage of kills by you in the entire game.
 C = Kills by friends in this place as a percentage of kills by friends in the entire game.
 D = Other kills in this place as a percentage of other kills in the entire game.
 E = Experience gained in this place as a percentage of experience gained in the entire game.
 F = Experience gained in this place divided by the number of levels of this place that you have seen.
                   A       B       C       D       E      F
               +-------+-------+-------+-------+-------+----------------------
         Total | 100.0 | 100.0 |   N/A |   N/A | 100.0 |  14.0
       Dungeon | 100.0 | 100.0 |   N/A |   N/A | 100.0 |  14.0
               +-------+-------+-------+-------+-------+----------------------

Vault maps used:
D:1:      dpeg_arrival_pond
D:2:      grunt_dithmenos_smoke_and_mirrors, first_ration,
          dk_yredelemnul_ordeal, uniq_sigmund, uniq_jessica
